 Dungeon Crawl Stone Soup version 0.31-a0-182-gc5ef74bbde (webtiles) character file.

Game seed: 9630312157319435142

114 gelatine the Chopper (level 4, -1/34 HPs)
             Began as a Demonspawn Gladiator on June 21, 2023.
             Killed from afar by Natasha (6 damage)
             ... with a puff of flame
             ... on level 3 of the Dungeon.
             The game lasted 00:05:19 (2014 turns).

gelatine the Chopper (Demonspawn Gladiator)         Turns: 2014, Time: 00:05:20

Health: -1/34      AC:  4    Str: 16    XL:     4   Next: 67%
Magic:  4/4        EV: 12    Int: 12    God:
Gold:   79         SH:  0    Dex: 14    Spells: 3/3 levels left

rFire   . . .        a - +0 war axe
rCold   . . .        (no shield)
rNeg    . . .        b - +0 leather armour
rPois   .            c - +0 helmet
rElec   .            (no cloak)
rCorr   .            (no gloves)
SInv    .            (no boots)
Will    .....        t - amulet of the acrobat
Stlth   +            (no ring)
HPRegen 0.25/turn    (no ring)
MPRegen 0.09/turn

%: acrobat
@: slowed, very slow
A: big brain 1, demonic touch 2
a: no special abilities


You were on level 3 of the Dungeon.
You visited 1 branch of the dungeon, and saw 3 of its levels.

You collected 79 gold pieces.

Inventory:

Hand Weapons
 a - a +0 war axe (weapon)
Armour
 b - a +0 leather armour (worn)
 c - a +0 helmet (worn)
 r - a +0 robe of positive energy
Magical Staves
 f - a staff of air
 s - a staff of conjuration
Jewellery
 t - an amulet of the acrobat (around neck)
Scrolls
 i - a scroll of vulnerability {unknown}
 l - 2 scrolls of identify {unknown}
 m - a scroll of teleportation {unknown}
 p - a scroll of enchant weapon {unknown}
 q - a scroll of blinking {unknown}
Potions
 g - 2 potions of heal wounds
 h - a potion of attraction {unknown}
 j - 3 potions of curing {unknown}
 k - a potion of magic {unknown}
 n - a potion of cancellation {unknown}
 o - 3 potions of enlightenment {unknown}


   Skills:
 * Level 2.7 Fighting
 * Level 3.7 Axes
 * Level 2.0 Throwing
 * Level 1.4 Armour
 * Level 3.1 Dodging
 + Level 0.3 Stealth


You had 3 spell levels left.
You didn't know any spells.
Your spell library contained the following spells:

 Spells                   Type           Power      Damage    Failure   Level
 Summon Guardian Golem    Hex/Summ       0%         N/A       77%         3
 Orb of Destruction       Conj           0%         9d5       100%        7
 Spellforged Servitor     Conj/Summ      0%         N/A       100%        7


Dungeon Overview and Level Annotations

Branches:
Dungeon (3/15)

Altars:
Hepliaklqana

Annotations:
D:3 Natasha


Innate Abilities, Weirdness & Mutations

You have an unusually large brain. (Int +2)
Your touch may inflict irresistible damage on your foes.


Message History

You see here a javelin.
e - a javelin Throw: javelin
Press: ? - help, Q - select action Shift-Dir - straight line, f - orc
Aim: an orc, wielding a +0 mace (60% to hit)
You throw a javelin. The javelin barely misses the orc.
You closely miss the orc.
You touch the orc!
You kill the orc!
Unknown command.
d - a throwing net
Things that are here:
a +0 mace; an orc corpse
e - a javelin
There is an open door here.
Natasha, Servant of Life and Death comes into view.
She is carrying a wand of flame (15).
You throw a javelin. The javelin closely misses Natasha.
Natasha hisses angrily.
Natasha casts a spell at you. You resist with some effort.
Natasha stares at you and mumbles some strange words.
You feel yourself slow down. Natasha completely misses you.
Natasha casts a spell at you. You resist with some effort.
Throw: throwing net
Press: ? - help, Q - select action Shift-Dir - straight line, f/p - Natasha
Aim: Natasha, carrying a wand of flame (15) (53% to hit)
You throw a throwing net. The throwing net hits Natasha.
Natasha is caught in the net!
Natasha struggles against the net.
You barely miss Natasha.
Natasha struggles against the net.
Natasha stares at you and mumbles some strange words.
The magic dart hits you!
Natasha struggles against the net.
You barely miss Natasha.
Natasha zaps a wand.
The puff of flame hits you!
* * * LOW HITPOINT WARNING * * *
Natasha struggles against the net.
You barely miss Natasha.
You touch Natasha!
Natasha is almost dead.
Natasha zaps a wand.
The puff of flame hits you.
You die...

###### #....# ####....#
........# ###+#+######
........###)..........
......h@..'..........
......#####........$..#
..... ###)..#.....#
.... ##..#.....# ...
####..#.....# ##
#.....#.....#
#.....#.....#
#....)#.....#
#.(...)..####


You could see Natasha (caught).

Vanquished Creatures
  Natasha (twice) (D:3)
  2 adders
  A dart slug (D:1)
  4 orcs (D:3)
  5 ball pythons
  4 endoplasms
  A giant cockroach (D:1)
  4 goblins
  3 hobgoblins
  6 kobolds
  A quokka (D:1)
  4 bats
  A frilled lizard (D:1)
  2 rats
40 creatures vanquished.

Notes
Turn   | Place    | Note
-------+----------+-------------------------------------------
     0 | D:1      | gelatine the Demonspawn Gladiator began the quest for the
                  | Orb.
     0 | D:1      | Reached XP level 1. HP: 16/16 MP: 1/1
   184 | D:1      | Gained mutation: Your touch may inflict minor irresistible
                  | damage on your foes. [demonic ancestry]
   184 | D:1      | Reached XP level 2. HP: 21/22 MP: 2/2
  1065 | D:2      | Gained mutation: You have an unusually large brain. (Int
                  | +2) [demonic ancestry]
  1065 | D:2      | Reached XP level 3. HP: 8/27 MP: 3/3
  1843 | D:3      | Found a hazy altar of Hepliaklqana.
  1938 | D:3      | Noticed Natasha
  1946 | D:3      | Killed Natasha
  1947 | D:3      | Reached skill level 1 in Armour
  1947 | D:3      | Gained mutation: Your touch may inflict irresistible damage
                  | on your foes. [demonic ancestry]
  1947 | D:3      | Reached XP level 4. HP: 11/34 MP: 4/4
  1949 | D:3      | Noticed Natasha
  1953 | D:3      | Killed Natasha
  2006 | D:3      | Noticed Natasha
  2014 | D:3      | Killed from afar by Natasha

Illustrated notes

Levels and vault maps discovered:
D:1:      dpeg_arrival_water_temple_mockup, layout_loops_ring,
          minmay_misc_feat_iff
D:2:      layout_loops_corners, minmay_misc_feat_alley
D:3:      layout_basic, general_overflow_altar,
          mainiacjoe_overflow_concentric_impassable, uniq_natasha

Skill      XL: |  1  2  3  4 |
---------------+-------------+-----
Axes           | 3 |  3.7
Dodging        | 3 |  3.1
Armour         | 1 |  1.4
Throwing       | 2 |  2.0
Fighting       | |  2.7
Stealth        | |  0.3

Action                     |  1- 3 |  4- 6 || total
---------------------------+-------+-------++-------
  Melee: War axe           |    67 |    20 ||    87
         Touch             |     8 |     3 ||    11
         Punch             |       |     1 ||     1
  Throw: Stone             |    29 |       ||    29
         Throwing net      |     1 |     4 ||     5
         Javelin           |       |     4 ||     4
    Use: Potion            |       |     1 ||     1
   Stab: Sleeping          |     1 |       ||     1
 Armour: Leather armour    |    35 |     9 ||    44
  Dodge: Dodged            |    57 |    23 ||    80

Table legend: (Time is in decaauts)
 A = Elapsed time spent in this place.
 B = Non-inter-level travel time spent in this place.
 C = Inter-level travel time spent in this place.
 D = Time resting spent in this place.
 E = Time spent auto-exploring this place.
 F = Levels seen in this place.
 G = Mean time per level.
                   A        B        C        D        E       F      G
               +--------+--------+--------+--------+--------+-----+--------+
         Total |   2061 |   1904 |    157 |      0 |   1482 |   3 |  687.0 |
       Dungeon |   2061 |   1904 |    157 |      0 |   1482 |   3 |  687.0 |
               +--------+--------+--------+--------+--------+-----+--------+

Top non-repeatable levels by time:
     D:2: 1075 daAuts
     D:1: 761 daAuts
     D:3: 224 daAuts
